 Dungeon Crawl Stone Soup version 0.30-a0-1-g69b7b797bf (webtiles) character file.

Game seed: 6263783937600842076

4762 Kinoniko the Slicer (level 10, -2/94 HPs)
             Began as a Kobold Berserker on Aug 19, 2022.
             Was an Elder of Trog.
             Slain by a hornet (5 damage)
             ... on level 8 of the Dungeon.
             The game lasted 00:07:41 (8623 turns).

Kinoniko the Slicer (Kobold Berserker)              Turns: 8623, Time: 00:07:42

Health: -2/94      AC:  8    Str: 18    XL:     10   Next: 75%
Magic:  10/10      EV: 17    Int: 10    God:    Trog [****..]
Gold:   149        SH:  0    Dex: 14    Spells: 9/9 levels left

rFire   . . .      SeeInvis .    p - +2 rapier (freeze)
rCold   . . .      Faith    +    (no shield)
rNeg    . . .      Spirit   .    h - +2 ring mail {rPois}
rPois   +          Reflect  .    (no helmet)
rElec   .          Harm     .    (no cloak)
rCorr   .          Rampage  .    (no gloves)
Will    .....                    z - +0 pair of boots
Stlth   ..........               v - amulet of faith
HPRegen 0.25/turn                (no ring)
MPRegen 0.12/turn                (no ring)

@: berserking, slowed
A: small, no large weapons, nightstalker 3
a: Renounce Religion, Berserk, Trog's Hand, Brothers in Arms


You were on level 8 of the Dungeon.
You worshipped Trog.
Trog was greatly pleased with you.
You visited 1 branch of the dungeon, and saw 8 of its levels.

You collected 383 gold pieces.
You spent 234 gold pieces at shops.

Inventory:

Hand Weapons
 p - a +2 rapier of freezing (weapon)
 q - a +2 dagger of holy wrath
 t - a +2 short sword of draining
Armour
 h - a +2 ring mail of poison resistance (worn)
 z - a +0 pair of boots (worn)
Jewellery
 b - an amulet of regeneration
 s - an amulet of guardian spirit
 v - an amulet of faith (around neck)
Wands
 o - a wand of digging (4)
Scrolls
 a - a scroll of fear
 g - 2 scrolls of immolation
 i - a scroll of summoning
 j - a scroll of identify
 l - 2 scrolls of vulnerability
 r - 2 scrolls of fog
 u - 9 scrolls of teleportation
 y - a scroll of poison
Potions
 c - 3 potions of haste {unknown}
 d - a potion of flight {unknown}
 e - a potion of cancellation {unknown}
 f - a potion of experience {unknown}
 k - 3 potions of heal wounds {unknown}
 m - a potion of might {unknown}
 n - 9 potions of brilliance {unknown}
 w - 2 potions of curing {unknown}
 x - a potion of attraction {unknown}


   Skills:
 + Level 7.4 Fighting
 * Level 13.4 Short Blades
 - Level 1.5 Armour
 + Level 8.8 Dodging
 + Level 9.1 Stealth


You had 9 spell levels left.
You didn't know any spells.
Your spell library was empty.

Dungeon Overview and Level Annotations

Branches:
Dungeon (8/15)             Temple (0/1) D:6
   Lair: D:8-11

Altars:
Fedhas
Kikubaaqudgha
Qazlal
Sif Muna
Wu Jian
Xom
Zin

Shops:
D:5 !   D:6 (   D:7 [

Annotations:
D:4 1 runed translucent door


Innate Abilities, Weirdness & Mutations

You are small and have problems with some larger weapons.
You are completely attuned to the shadows.


Message History

The two-headed ogre is lightly wounded.
You hit the two-headed ogre. You freeze the two-headed ogre.
The two-headed ogre is lightly wounded.
The hornet misses you.
You puncture the two-headed ogre! You freeze the two-headed ogre.
The two-headed ogre is moderately wounded.
The hornet stings you!
You feel yourself slow down.
Unknown command.
You puncture the two-headed ogre! You freeze the two-headed ogre.
The two-headed ogre is heavily wounded.
The two-headed ogre barely misses you.
The two-headed ogre hits you with a +0 giant club!
* * * LOW HITPOINT WARNING * * *
The hornet misses you.
You puncture the two-headed ogre! You freeze the two-headed ogre.
The two-headed ogre is almost dead.
Unknown command.
You puncture the two-headed ogre! You freeze the two-headed ogre.
You kill the two-headed ogre!
Trog accepts your kill. The hornet misses you.
Your Stealth skill increases to level 9!
Unknown command.
You puncture the hornet! You freeze the hornet.
The hornet is almost dead.
The hornet stings you!
* * * LOW HITPOINT WARNING * * *
Unknown command.
You miss the hornet.
The hornet is almost dead.
The hornet barely misses you.
Unknown command.
You closely miss the hornet.
The hornet is almost dead.
The hornet misses you.
Unknown command.
You miss the hornet.
The hornet is almost dead.
The hornet stings you.
You die...

.... .... #...
....
#...###y...
#...#.@).#
#...#.####
#.....#
####.#####
.........#
#........#####
..###........#
.# #.##.....##
#.##.......


You could see a hornet.

Vanquished Creatures
  A two-headed ogre (D:8)
  Pikel (D:6)
  A hornet (D:6)
  Sigmund (D:6)
  4 yaks (D:6)
  A steam dragon (D:7)
  Menkaure (D:7)
  A water moccasin (D:7)
  An ice beast (D:5)
  3 black bears
  3 ogres
  A phantom (D:5)
  A kobold brigand (D:6)
  2 scorpions
  3 necrophages
  4 wights (D:7)
  3 killer bees (D:8)
  2 howler monkeys
  3 jellies
  7 hounds
  7 orc priests
  Terence (D:3)
  3 orc wizards
  5 iguanas
  A scorpion zombie (D:3)
  3 adders
  A shadow imp (D:6)
  2 white imps (D:7)
  An adder skeleton (D:3)
  2 worms
  27 orcs
  5 endoplasms
  10 giant cockroaches
  6 goblins
  3 hobgoblins
  11 jackals
  2 quokkas
  4 ball pythons
  A ball python zombie (D:3)
  3 bats
  9 frilled lizards
  A giant cockroach zombie (D:3)
  11 kobolds
  5 rats
168 creatures vanquished.

Vanquished Creatures (others)
  A phantom (D:7)
  6 plants (D:2)
  3 withered plants (D:3)
10 creatures vanquished.

Grand Total: 178 creatures vanquished

Notes
Turn   | Place    | Note
-------+----------+-------------------------------------------
     0 | D:1      | Kinoniko the Kobold Berserker began the quest for the Orb.
     0 | D:1      | Reached XP level 1. HP: 14/14 MP: 1/1
   333 | D:1      | Reached XP level 2. HP: 19/19 MP: 2/2
   376 | D:1      | Found a faded altar of an unknown god.
   604 | D:2      | Found an ancient bone altar of Kikubaaqudgha.
  1074 | D:2      | Reached skill level 5 in Short Blades
  1074 | D:2      | Reached XP level 3. HP: 21/24 MP: 3/3
  1082 | D:2      | Reached XP level 4. HP: 22/29 MP: 4/4
  1680 | D:2      | Identified the +0 leather armour of Leapfrog {rElec}
  1756 | D:2      | Reached ** piety under Trog
  1757 | D:2      | Reached XP level 5. HP: 33/33 MP: 5/5
  2126 | D:3      | Noticed Terence
  2133 | D:3      | Reached skill level 6 in Short Blades
  2140 | D:3      | Killed Terence
  2531 | D:3      | Reached XP level 6. HP: 26/39 MP: 6/6
  2895 | D:3      | Found a shimmering blue altar of Sif Muna.
  3468 | D:4      | Reached skill level 1 in Stealth
  3470 | D:4      | Reached skill level 7 in Short Blades
  3510 | D:4      | Found a glowing silver altar of Zin.
  3557 | D:4      | Noticed a black bear
  3563 | D:4      | Killed a black bear
  3564 | D:4      | Reached XP level 7. HP: 44/44 MP: 7/7
  3765 | D:4      | Found a blossoming altar of Fedhas.
  3793 | D:4      | Reached skill level 8 in Short Blades
  3793 | D:4      | Reached skill level 5 in Dodging
  4309 | D:4      | Found a runed translucent door.
  4525 | D:5      | Entered Level 5 of the Dungeon
  4570 | D:5      | Found Fauzor's Distillery.
  4579 | D:5      | Reached XP level 8. HP: 48/48 MP: 8/8
  4603 | D:5      | Reached skill level 9 in Short Blades
  4710 | D:5      | Reached *** piety under Trog
  4941 | D:5      | Reached skill level 5 in Stealth
  5280 | D:5      | Reached skill level 10 in Short Blades
  5335 | D:5      | Reached skill level 5 in Fighting
  5401 | D:5      | Reached XP level 9. HP: 54/54 MP: 9/9
  5754 | D:6      | Found a staircase to the Ecumenical Temple.
  5805 | D:6      | Reached skill level 11 in Short Blades
  5873 | D:6      | Noticed a hornet
  5876 | D:6      | Killed a hornet
  6168 | D:6      | Found a shimmering altar of Xom.
  6394 | D:6      | Found an ornate altar of the Wu Jian Council.
  6523 | D:6      | Found Roups's Antique Weapon Shop.
  6639 | D:6      | Found a stormy altar of Qazlal.
  6723 | D:6      | Noticed Pikel
  6734 | D:6      | Killed Pikel
  6735 | D:6      | Reached skill level 12 in Short Blades
  6735 | D:6      | Reached XP level 10. HP: 61/61 MP: 10/10
  6842 | D:6      | Noticed Sigmund
  6846 | D:6      | Killed Sigmund
  7226 | D:7      | Found Foluv's Armour Emporium.
  7232 | D:7      | Bought a +2 ring mail of poison resistance for 234 gold
                  | pieces
  7413 | D:7      | Noticed Menkaure
  7426 | D:7      | Killed Menkaure
  7520 | D:7      | Reached **** piety under Trog
  7701 | D:7      | Reached skill level 13 in Short Blades
  8604 | D:8      | Noticed a two-headed ogre
  8619 | D:8      | Killed a two-headed ogre
  8620 | D:8      | HP: 3/94 [hornet (11)]
  8623 | D:8      | Slain by a hornet

Illustrated notes

Levels and vault maps discovered:
D:1:      lightli_arrival_maybe_door_vault, layout_rooms,
          shapermc_ecumenical_altar_starsandcircs
D:2:      layout_loops_ring, basic_altar, serial_park_tiny_1,
          lexackson_kobold_supper
D:3:      minmay_roachtagon, layout_loops_cross, nicolae_sif_muna_condensation,
          serial_undead, serial_undead_d, serial_undead_c, serial_undead_b,
          serial_undead_c, serial_undead_b, serial_undead_a,
          minmay_misc_feat_cross, grunt_decor_junction, uniq_terence
D:4:      layout_basic, mainiacjoe_overflow_alcove_2, lemuel_doored_altar,
          ebering_ghost_reflecting_pool
D:5:      layout_cave_pods, serial_shops, shop, minmay_between
D:6:      layout_loops_corners, tgw_xom, nicolae_qazlal_style_of_elements,
          nicolae_wu_jian_immortal_techniques, temple_fountains, serial_shops,
          nicolae_shop_waterfront, minivault_24, hangedman_decor_diamond_cutter,
          uniq_pikel, uniq_sigmund
D:7:      layout_basic, serial_shops, shop, uniq_menkaure
D:8:      layout_basic, uniq_amaemon, uniq_prince_ribbit1

Skill      XL: |  1  2  3  4  5  6  7  8  9 10 |
---------------+-------------------------------+-----
Short Blades   | 5 6 7 8 10 12 13 | 13.4
Dodging        | 3 4 5 6 7 8 |  8.8
Fighting       | 4 5 6 7 |  7.4
Stealth        | 2 4 5 7 9 |  9.1
Armour         | |  1.5

Action                   |  1- 3 |  4- 6 |  7- 9 | 10-12 || total
-------------------------+-------+-------+-------+-------++-------
Melee: Short sword       |    71 |   207 |   233 |       ||   511
       Punch             |     2 |     1 |     3 |     1 ||     7
       Rapier            |       |       |    13 |   134 ||   147
Invok: Berserk           |     1 |     5 |    11 |     4 ||    21
  Use: Scroll            |       |       |    14 |       ||    14
 Stab: Sleeping          |     5 |     2 |     8 |     5 ||    20
Armor: Animal skin       |     2 |       |       |       ||     2
       Leather armour    |    10 |       |       |       ||    10
       Scale mail        |       |    43 |    55 |     1 ||    99
       Ring mail         |       |       |       |    17 ||    17
Dodge: Dodged            |    31 |   102 |   117 |    62 ||   312

Table legend: (Time is in decaauts)
 A = Elapsed time spent in this place.
 B = Non-inter-level travel time spent in this place.
 C = Inter-level travel time spent in this place.
 D = Time resting spent in this place.
 E = Time spent auto-exploring this place.
 F = Levels seen in this place.
 G = Mean time per level.
                   A        B        C        D        E       F      G
               +--------+--------+--------+--------+--------+-----+--------+
         Total |   8592 |   8324 |    268 |   1055 |   6330 |   8 | 1074.0 |
       Dungeon |   8592 |   8324 |    268 |   1055 |   6330 |   8 | 1074.0 |
               +--------+--------+--------+--------+--------+-----+--------+

Top non-repeatable levels by time:
     D:2: 1471 daAuts
     D:6: 1450 daAuts
     D:3: 1351 daAuts
     D:7: 1295 daAuts
     D:5: 1223 daAuts
     D:4: 1132 daAuts
     D:1: 580 daAuts
     D:8: 87 daAuts
